 Dungeon Crawl Stone Soup version 0.29.0-4-gdea44cf6ec (webtiles) character file.

Game seed: 11092047160345440519

16762 qw the Brawler (level 12, -3/115 (118) HPs)
             Began as a Troll Cinder Acolyte on Aug 30, 2022.
             Was an Initiate of Ignis.
             Slain by a ten-headed hydra (4 damage)
             ... on level 3 of the Lair of Beasts.
             The game lasted 00:05:42 (9930 turns).

qw the Brawler (Troll Cinder Acolyte)               Turns: 9930, Time: 00:05:42

HP:   -3/115 (118)  AC:  5    Str: 35    XL:     12   Next: 12%
MP:   12/12         EV:  9    Int: 10    God:    Ignis [......]
Gold: 297           SH:  0    Dex:  5    Spells: 13/13 levels left

rFire   + . .      SeeInvis .     - Unarmed
rCold   + . .      Faith    .   (no shield)
rNeg    . . .      Spirit   .   b - +1 robe {Archmagi}
rPois   .          Reflect  .   (helmet restricted)
rElec   .          Harm     .   (no cloak)
rCorr   .          Rampage  .   (gloves unavailable)
Will    .....      Archmagi +   (boots unavailable)
Stlth   +.........              d - amulet of the acrobat
HPRegen 1.09/turn               f - +6 ring of strength
MPRegen 0.13/turn               m - ring of protection from cold

@: lightly drained
A: large, unfitting armour, claws 3, regeneration 1, shaggy fur 1, tough skin 1,
MP-powered wands
a: Renounce Religion, Rising Flame


You were on level 3 of the Lair of Beasts.
You worshipped Ignis.
Ignis was noncommittal.
You visited 3 branches of the dungeon, and saw 12 of its levels.

You collected 576 gold pieces.
You spent 279 gold pieces at shops.


Innate Abilities, Weirdness & Mutations

You are too large for most types of armour.
You have claws for hands.
Your natural rate of healing is unusually fast.
You are covered in fur. (AC +1)
You have tough skin. (AC +1)
You expend magic power (3 MP) to strengthen your wands.


   Skills:
 - Level 7.2 Fighting
 - Level 2.0 Throwing
 - Level 2.0 Dodging
 + Level 17.7 Unarmed Combat
 - Level 1.0 Spellcasting
 - Level 2.1 Fire Magic


You had 13 spell levels left.
You didn't know any spells.
Your spell library contained the following spells:

 Spells                   Type           Power      Damage    Failure   Level
 Scorch                   Fire           14%        2d5       22%         2

Inventory:

Missiles
 i - 2 boomerangs (quivered)
Armour
 b - a +1 robe of the Archmagi (worn)
Jewellery
 d - an amulet of the acrobat (around neck)
 e - a ring of resist corrosion
 f - a +6 ring of strength (left claw)
 g - a ring of fire
 m - a ring of protection from cold (right claw)
 o - a ring of willpower
Scrolls
 h - 10 scrolls of identify
 n - a scroll of enchant weapon
 q - a scroll of brand weapon
Potions
 a - 6 potions of curing
 c - 4 potions of mutation
 l - a potion of resistance

Dungeon Overview and Level Annotations

Branches:
Dungeon (8/15)             Temple (1/1) D:6            Lair (3/5) D:8
  Swamp (0/4) Lair:2       Spider (0/4) Lair:3

Altars:
Cheibriados
Dithmenos
Elyvilon
Fedhas
Gozag
Kikubaaqudgha
Makhleb
Nemelex Xobeh
Qazlal
Ru
Sif Muna
Trog
Uskayaw
Vehumet
Wu Jian
Xom
Yredelemnul
Zin
The Shining One

Shops:
D:3 (   D:8 =![(


Message History

You throw a boomerang.
The boomerang completely misses the seven-headed hydra.
Throw: 2 boomerangs
Press: ? - help, Q - select action Shift-Dir - straight line, f/p - seven-headed hydra You throw a boomerang.
The boomerang hits the seven-headed hydra!
The seven-headed hydra is lightly wounded.
You rip one of the seven-headed hydra's heads off!
The six-headed hydra grows two more!
You eviscerate the eight-headed hydra!!!
The eight-headed hydra is heavily wounded.
You hear a trumpeting! x3
You claw one of the eight-headed hydra's heads off!
The seven-headed hydra grows two more!
You mangle the nine-headed hydra!! You claw the nine-headed hydra.
The nine-headed hydra is almost dead.
The nine-headed hydra bites you!
The nine-headed hydra closely misses you. x2
The nine-headed hydra bites you but does no damage.
The nine-headed hydra closely misses you. x2
The nine-headed hydra bites you! The nine-headed hydra bites you.
The nine-headed hydra bites you!
You barely miss the nine-headed hydra.
The nine-headed hydra is severely wounded.
The nine-headed hydra bites you but does no damage.
The nine-headed hydra barely misses you.
The nine-headed hydra bites you! The nine-headed hydra bites you.
The nine-headed hydra bites you! The nine-headed hydra bites you.
The nine-headed hydra bites you but does no damage.
The nine-headed hydra bites you.
The nine-headed hydra bites you but does no damage.
You scratch the nine-headed hydra.
The nine-headed hydra is severely wounded.
You tear one of the nine-headed hydra's heads off!
The eight-headed hydra grows two more!
You claw the ten-headed hydra!
The ten-headed hydra is severely wounded.
The ten-headed hydra barely misses you. The ten-headed hydra bites you!
The ten-headed hydra bites you. The ten-headed hydra bites you! x4
The ten-headed hydra bites you. x2
You die...

### ##P###
##..#.#####
#
#..<<......
.
#..$.......
.
#..D......
. ##.@# .
#...## #+
##...# #.
#...## .#.
#...P# #..
##...# ...
#..## #.
##..## . .
#....###..#
..


You could see a ten-headed hydra.

Vanquished Creatures
  A hydra (Lair:1)
  3 death yaks (Lair:2)
  Nergalle (Lair:2)
  Amaemon (Lair:1)
  2 bog bodies (Lair:2)
  3 elephants (Lair:3)
  An orange demon (Lair:1)
  A black mamba (Lair:3)
  7 komodo dragons
  Prince Ribbit (D:5)
  2 polar bears
  4 blink frogs (Lair:3)
  Sigmund (D:6)
  A dream sheep (Lair:3)
  A wyvern (Lair:2)
  16 yaks
  A basilisk (Lair:3)
  Menkaure (D:6)
  3 steam dragons
  6 water moccasins
  An orc warrior (D:8)
  A sky beast (D:6)
  An ice beast (D:6)
  7 wolves
  2 ogres
  A centaur (D:5)
  2 phantoms
  3 bullfrogs
  2 necrophages
  2 gnoll sergeants (D:7)
  14 wights
  6 killer bees (D:6)
  2 electric eels
  A jelly (D:8)
  5 hounds
  5 orc priests
  3 iguanas
  4 orc wizards
  Natasha (thrice) (D:3)
  3 hell rats (Lair:3)
  9 gnolls
  4 adders
  6 river rats (Lair:3)
  2 white imps
  An ufetubus (D:6)
  3 dart slugs
  23 orcs
  5 bats
  6 endoplasms
  5 giant cockroaches
  11 goblins
  9 hobgoblins
  2 jackals (D:1)
  4 quokkas
  8 ball pythons
  8 frilled lizards
  7 kobolds
  5 rats
243 creatures vanquished.

Vanquished Creatures (others)
  2 gnolls (D:7)
  7 fungi
  10 plants
19 creatures vanquished.

Grand Total: 262 creatures vanquished

Notes
Turn   | Place    | Note
-------+----------+-------------------------------------------
     0 | D:1      | qw the Troll Cinder Acolyte began the quest for the Orb.
     0 | D:1      | Reached XP level 1. HP: 22/22 MP: 1/1
     0 | D:1      | 0 ||| qw: Version: 0.1-a-95-gae9e614
     0 | D:1      | 0 ||| qw: Game counter: 4380
     0 | D:1      | 0 ||| qw: Always use a shield: true
     0 | D:1      | 0 ||| qw: God list: Okawaru
     0 | D:1      | 0 ||| qw: Allow faded altars: false
     0 | D:1      | 0 ||| qw: Do Orc after D:15 true
     0 | D:1      | 0 ||| qw: Do second Lair branch before Depths: true
     0 | D:1      | 0 ||| qw: Lair rune preference: random
     0 | D:1      | 0 ||| qw: Plans: Normal
     0 | D:1      | 0 ||| PLANNING D:1-11
     8 | D:1      | 8 ||| Stepping ~*~*~tactically~*~*~ (hiding).
   122 | D:1      | 122 ||| Stepping ~*~*~tactically~*~*~ (stealth).
   228 | D:1      | Reached XP level 2. HP: 28/29 MP: 2/2
   277 | D:1      | 277 ||| Stepping ~*~*~tactically~*~*~ (stealth).
   328 | D:1      | You fall into a shaft and drop 1 floor!
   344 | D:2      | 344 ||| READING scroll labelled POJEVVEWEA.
   348 | D:2      | 348 ||| READING scroll labelled CAEFARH AMEZE.
   349 | D:2      | 349 ||| READING scroll labelled VAZ RIOFRISU.
   350 | D:2      | 350 ||| Stepping randomly (stuck).
   351 | D:2      | 351 ||| Stepping ~*~*~tactically~*~*~ (cloud).
   448 | D:2      | Reached skill level 4 in Unarmed Combat
   651 | D:1      | Reached XP level 3. HP: 36/36 MP: 3/3
   948 | D:1      | 948 ||| READING scroll labelled YNOUSI TARUOWE.
   949 | D:1      | 949 ||| DRINKING 2 silvery potions.
   949 | D:1      | Gained mutation: You expend magic power (3 MP) to
                  | strengthen your wands. [potion of mutation]
  1169 | D:2      | 1169 ||| Stepping ~*~*~tactically~*~*~ (stealth).
  1174 | D:2      | 1174 ||| Stepping ~*~*~tactically~*~*~ (stealth).
  1281 | D:2      | 1281 ||| Stepping ~*~*~tactically~*~*~ (outnumbered).
  1449 | D:2      | Found a faded altar of an unknown god.
  1664 | D:2      | 1664 ||| READING scroll labelled SIAGOKLAOKA.
  1665 | D:2      | 1665 ||| READING scroll labelled JUTAIM NUSCH.
  1724 | D:3      | Found a glowing golden altar of the Shining One.
  1730 | D:3      | 1730 ||| Stepping ~*~*~tactically~*~*~ (stealth).
  1747 | D:3      | Reached skill level 5 in Unarmed Combat
  1747 | D:3      | Reached XP level 4. HP: 42/44 MP: 4/4
  1755 | D:3      | 1755 ||| READING 2 scrolls of teleportation.
  1758 | D:3      | 1758 ||| FLEEEEING.
  1759 | D:3      | 1759 ||| FLEEEEING.
  1773 | D:3      | Found an ornate altar of the Wu Jian Council.
  1775 | D:3      | 1775 ||| READING scroll of teleportation.
  1886 | D:3      | 1886 ||| READING 2 scrolls of identify.
  1886 | D:3      | 1886 ||| IDENTIFYING white potion
  1887 | D:3      | 1887 ||| DROPPING potion of ambrosia.
  1888 | D:3      | 1888 ||| Stepping randomly (stuck).
  1899 | D:3      | Noticed Natasha
  1900 | D:3      | 1900 ||| Stepping randomly (stuck).
  1901 | D:3      | 1901 ||| Stepping randomly (stuck).
  1902 | D:3      | 1902 ||| Stepping randomly (stuck).
  1903 | D:3      | 1903 ||| Stepping randomly (stuck).
  1904 | D:3      | 1904 ||| Stepping randomly (stuck).
  1906 | D:3      | Killed Natasha
  2003 | D:3      | Noticed Natasha
  2004 | D:3      | 2004 ||| Stepping randomly (stuck).
  2005 | D:3      | 2005 ||| Stepping ~*~*~tactically~*~*~ (hiding).
  2008 | D:3      | Killed Natasha
  2009 | D:3      | Reached XP level 5. HP: 50/50 MP: 5/5
  2012 | D:3      | Noticed Natasha
  2015 | D:3      | Killed Natasha
  2016 | D:3      | Reached skill level 6 in Unarmed Combat
  2207 | D:3      | Found Motoqiott's Weapon Boutique.
  2216 | D:3      | 2216 ||| DRINKING 2 amethyst potions.
  2429 | D:3      | 2429 ||| READING scroll labelled QEAGYA LU APT.
  2573 | D:4      | 2573 ||| INVOKING Fiery Armour.
  2576 | D:4      | 2576 ||| DRINKING potion of curing.
  2576 | D:4      | 2576 ||| (to cure confusion)
  2579 | D:4      | Noticed a phantom
  2583 | D:4      | Reached XP level 6. HP: 59/59 MP: 6/6
  2589 | D:4      | Reached skill level 7 in Unarmed Combat
  3125 | D:4      | 3125 ||| DROPPING ring of flight.
  3126 | D:4      | 3126 ||| READING scroll labelled ZIECYT GASHRIU.
  3127 | D:4      | 3127 ||| READING scroll labelled QEFROI NIFIO.
  3128 | D:4      | 3128 ||| DRINKING 2 fuming dark potions.
  3129 | D:4      | 3129 ||| DRINKING 2 fizzy cyan potions.
  3170 | D:4      | 3170 ||| READING 3 scrolls of identify.
  3170 | D:4      | 3170 ||| IDENTIFYING fuming yellow potion
  3171 | D:4      | 3171 ||| READING 2 scrolls of identify.
  3171 | D:4      | 3171 ||| IDENTIFYING fuming sapphire potion
  3172 | D:4      | 3172 ||| DROPPING potion of flight.
  3173 | D:4      | 3173 ||| DROPPING potion of attraction.
  3174 | D:4      | 3174 ||| DROPPING potion of magic.
  3175 | D:4      | 3175 ||| DROPPING potion of lignification.
  3186 | D:5      | Entered Level 5 of the Dungeon
  3294 | D:5      | 3294 ||| INVOKING Fiery Armour.
  3295 | D:5      | 3295 ||| Stepping ~*~*~tactically~*~*~ (outnumbered).
  3299 | D:5      | Reached skill level 8 in Unarmed Combat
  3305 | D:5      | Reached XP level 7. HP: 52/66 MP: 7/7
  3347 | D:5      | Noticed Prince Ribbit
  3357 | D:5      | Killed Prince Ribbit
  3358 | D:5      | Reached skill level 3 in Fighting
  3700 | D:5      | 3700 ||| UPGRADING to +1 robe of the Archmagi.
  3710 | D:5      | 3710 ||| DROPPING +0 robe.
  3711 | D:5      | 3711 ||| DRINKING 2 ruby potions.
  3816 | D:5      | 3816 ||| READING 2 scrolls of identify.
  3816 | D:5      | 3816 ||| IDENTIFYING glowing blue potion
  3817 | D:5      | 3817 ||| DROPPING potion of berserk rage.
  3837 | D:6      | Found a staircase to the Ecumenical Temple.
  3875 | D:6      | 3875 ||| Stepping ~*~*~tactically~*~*~ (stealth).
  3880 | D:6      | 3880 ||| INVOKING Fiery Armour.
  3882 | D:6      | Reached skill level 9 in Unarmed Combat
  3882 | D:6      | Reached XP level 8. HP: 51/78 MP: 8/8
  3883 | D:6      | Reached skill level 1 in Throwing
  3888 | D:6      | Reached skill level 1 in Dodging
  3960 | D:6      | Noticed Sigmund
  3963 | D:6      | Killed Sigmund
  3987 | D:6      | Reached skill level 10 in Unarmed Combat
  4022 | D:6      | 4022 ||| Stepping ~*~*~tactically~*~*~ (stealth).
  4044 | D:6      | 4044 ||| Stepping ~*~*~tactically~*~*~ (hiding).
  4189 | D:6      | Noticed Menkaure
  4193 | D:6      | Killed Menkaure
  4194 | D:6      | Reached skill level 11 in Unarmed Combat
  4256 | D:6      | 4256 ||| Stepping ~*~*~tactically~*~*~ (stealth).
  4257 | D:6      | 4257 ||| Stepping ~*~*~tactically~*~*~ (stealth).
  4260 | D:6      | Reached XP level 9. HP: 84/84 MP: 9/9
  4262 | D:6      | 4262 ||| Stepping ~*~*~tactically~*~*~ (stealth).
  4266 | D:6      | 4266 ||| Stepping ~*~*~tactically~*~*~ (stealth).
  4374 | D:6      | 4374 ||| UPGRADING to amulet of the acrobat.
  4379 | D:6      | 4379 ||| UPGRADING to +6 ring of strength.
  4380 | D:6      | 4380 ||| READING scroll labelled YSEZXU LEWAZXE.
  4381 | D:6      | 4381 ||| READING 2 scrolls of identify.
  4381 | D:6      | 4381 ||| IDENTIFYING sedimented black potion
  4382 | D:6      | 4382 ||| DROPPING potion of degeneration.
  4394 | D:7      | 4394 ||| Stepping ~*~*~tactically~*~*~ (stealth).
  4432 | D:7      | 4432 ||| Stepping ~*~*~tactically~*~*~ (outnumbered).
  4434 | D:7      | 4434 ||| Stepping ~*~*~tactically~*~*~ (outnumbered).
  4444 | D:7      | Reached skill level 12 in Unarmed Combat
  4445 | D:7      | 4445 ||| INVOKING Fiery Armour.
  4538 | D:7      | 4538 ||| Stepping ~*~*~tactically~*~*~ (hiding).
  4540 | D:7      | 4540 ||| Stepping ~*~*~tactically~*~*~ (hiding).
  4648 | D:7      | Found a flagged portal.
  4651 | D:7      | 4651 ||| INVOKING Fiery Armour.
  4783 | D:7      | 4783 ||| Stepping ~*~*~tactically~*~*~ (stealth).
  4811 | D:7      | 4811 ||| Stepping ~*~*~tactically~*~*~ (stealth).
  4812 | D:7      | 4812 ||| FLEEEEING.
  4815 | D:7      | 4815 ||| Stepping ~*~*~tactically~*~*~ (hiding).
  5112 | D:7      | 5112 ||| Stepping ~*~*~tactically~*~*~ (hiding).
  5358 | D:7      | 5358 ||| UPGRADING to ring of protection from cold.
  5359 | D:7      | 5359 ||| DRINKING 2 grey potions.
  5360 | D:7      | 5360 ||| READING 2 scrolls of identify.
  5360 | D:7      | 5360 ||| IDENTIFYING bubbling green potion
  5361 | D:7      | 5361 ||| DROPPING potion of brilliance.
  5401 | D:8      | 5401 ||| INVOKING Fiery Armour.
  5503 | D:8      | Found Omniqy's Jewellery Shop.
  5506 | D:8      | 5506 ||| SHOPLISTING +6 ring of strength (432 gold, have
                  | 260).
  5506 | D:8      | 5506 ||| SHOPLISTING amulet of Goaco {Spirit rF- Str-2
                  | Int+10 Dex+9} (788 gold, have 260).
  5506 | D:8      | 5506 ||| SHOPLISTING ring "Fuohe" {rPois rC- Str+10 Int+6
                  | Dex-2} (684 gold, have 260).
  5506 | D:8      | 5506 ||| SHOPLISTING ring of protection from fire (300
                  | gold, have 260).
  5506 | D:8      | 5506 ||| BUYING ring of resist corrosion (240 gold).
  5506 | D:8      | Bought a ring of resist corrosion for 240 gold pieces
  5506 | D:8      | 5506 ||| SHOPLISTING ring of see invisible (180 gold, have
                  | 20).
  5506 | D:8      | 5506 ||| SHOPLISTING ring of willpower (300 gold, have 20).
  5592 | D:8      | 5592 ||| Stepping ~*~*~tactically~*~*~ (hiding).
  5710 | D:8      | Found a staircase to the Lair.
  5733 | D:8      | Found Hieh Ost's Distillery.
  5734 | D:8      | 5734 ||| FLEEEEING.
  5735 | D:8      | 5735 ||| FLEEEEING.
  5736 | D:8      | 5736 ||| FLEEEEING.
  5864 | D:8      | 5864 ||| Stepping ~*~*~tactically~*~*~ (hiding).
  5885 | D:8      | 5885 ||| Stepping ~*~*~tactically~*~*~ (stealth).
  5894 | D:8      | Reached skill level 13 in Unarmed Combat
  5928 | D:8      | 5928 ||| Stepping ~*~*~tactically~*~*~ (outnumbered).
  5992 | D:8      | 5992 ||| FLEEEEING.
  6000 | D:8      | 6000 ||| FLEEEEING.
  6001 | D:8      | 6001 ||| FLEEEEING.
  6002 | D:8      | 6002 ||| FLEEEEING.
  6029 | D:8      | 6029 ||| FLEEEEING.
  6055 | D:8      | 6055 ||| FLEEEEING.
  6056 | D:8      | 6056 ||| FLEEEEING.
  6057 | D:8      | 6057 ||| FLEEEEING.
  6058 | D:8      | 6058 ||| FLEEEEING.
  6059 | D:8      | 6059 ||| FLEEEEING.
  6103 | D:8      | 6103 ||| FLEEEEING.
  6105 | D:8      | 6105 ||| FLEEEEING.
  6106 | D:8      | 6106 ||| FLEEEEING.
  6107 | D:8      | 6107 ||| FLEEEEING.
  6108 | D:8      | 6108 ||| FLEEEEING.
  6140 | D:8      | 6140 ||| FLEEEEING.
  6157 | D:8      | 6157 ||| FLEEEEING.
  6158 | D:8      | 6158 ||| FLEEEEING.
  6159 | D:8      | 6159 ||| FLEEEEING.
  6160 | D:8      | 6160 ||| FLEEEEING.
  6199 | D:8      | 6199 ||| FLEEEEING.
  6200 | D:8      | 6200 ||| FLEEEEING.
  6201 | D:8      | 6201 ||| FLEEEEING.
  6244 | D:8      | Found Meduthrach's Armour Emporium.
  6244 | D:8      | Found Doackat's Weapon Shop.
  6251 | D:8      | 6251 ||| SHOPLISTING 2 potions of curing (78 gold, have
                  | 65).
  6251 | D:8      | 6251 ||| SHOPLISTING potion of cancellation (104 gold, have
                  | 65).
  6251 | D:8      | 6251 ||| BUYING potion of curing (39 gold).
  6251 | D:8      | Bought a potion of curing for 39 gold pieces
  6251 | D:8      | 6251 ||| SHOPLISTING potion of haste (130 gold, have 26).
  6251 | D:8      | 6251 ||| SHOPLISTING potion of might (52 gold, have 26).
  6252 | D:8      | 6252 ||| Stepping ~*~*~tactically~*~*~ (stealth).
  6253 | D:8      | 6253 ||| Stepping ~*~*~tactically~*~*~ (stealth).
  6255 | D:8      | 6255 ||| SHOPLISTING +0 kite shield (63 gold, have 26).
  6255 | D:8      | 6255 ||| SHOPLISTING +1 robe "Zoymyusk" {rN++} (324 gold,
                  | have 26).
  6256 | D:8      | 6256 ||| INVOKING Fiery Armour.
  6484 | D:8      | 6484 ||| PLANNING LAIR
  6484 | D:8      | 6484 ||| READING 2 scrolls labelled USCHERI XUEQIOQ.
  6485 | D:8      | 6485 ||| READING scroll labelled SUOHIS TEZOAXZEQ.
  6486 | D:8      | 6486 ||| DROPPING scroll of blinking.
  6494 | Lair:1   | Entered Level 1 of the Lair of Beasts
  6519 | Lair:1   | Noticed a polar bear
  6523 | Lair:1   | Killed a polar bear
  6524 | Lair:1   | Reached XP level 10. HP: 96/96 MP: 10/10
  6612 | Lair:1   | 6612 ||| Stepping ~*~*~tactically~*~*~ (stealth).
  6625 | Lair:1   | Noticed Amaemon
  6625 | Lair:1   | Noticed an orange demon
  6635 | Lair:1   | Killed Amaemon
  6636 | Lair:1   | Reached skill level 14 in Unarmed Combat
  6637 | Lair:1   | 6637 ||| INVOKING Fiery Armour.
  6637 | Lair:1   | HP: 24/96 [orange demon[Amaemon] (5)]
  6638 | Lair:1   | 6638 ||| READING scroll of teleportation.
  6638 | Lair:1   | Killed an orange demon
  6642 | Lair:1   | HP: 21/96 [poisoned by orange demon (concentrated venom)]
  6799 | Lair:1   | 6799 ||| INVOKING Fiery Armour.
  6805 | Lair:1   | 6805 ||| Stepping ~*~*~tactically~*~*~ (outnumbered).
  6806 | Lair:1   | 6806 ||| Stepping ~*~*~tactically~*~*~ (outnumbered).
  6807 | Lair:1   | 6807 ||| Stepping ~*~*~tactically~*~*~ (outnumbered).
  6808 | Lair:1   | 6808 ||| Stepping ~*~*~tactically~*~*~ (outnumbered).
  6809 | Lair:1   | 6809 ||| Stepping ~*~*~tactically~*~*~ (outnumbered).
  6810 | Lair:1   | 6810 ||| Stepping ~*~*~tactically~*~*~ (outnumbered).
  6811 | Lair:1   | 6811 ||| Stepping ~*~*~tactically~*~*~ (outnumbered).
  6812 | Lair:1   | 6812 ||| Stepping ~*~*~tactically~*~*~ (outnumbered).
  6813 | Lair:1   | 6813 ||| Stepping ~*~*~tactically~*~*~ (outnumbered).
  6814 | Lair:1   | 6814 ||| Stepping ~*~*~tactically~*~*~ (outnumbered).
  6820 | Lair:1   | Reached skill level 6 in Fighting
  6982 | Lair:1   | Noticed an eight-headed hydra
  6983 | Lair:1   | 6983 ||| INVOKING Fiery Armour.
  6988 | Lair:1   | Killed a ten-headed hydra
  7192 | Lair:1   | 7192 ||| Stepping ~*~*~tactically~*~*~ (stealth).
  7195 | Lair:1   | 7195 ||| Stepping ~*~*~tactically~*~*~ (stealth).
  7204 | Lair:1   | 7204 ||| Stepping ~*~*~tactically~*~*~ (outnumbered).
  7207 | Lair:1   | Reached skill level 15 in Unarmed Combat
  7300 | Lair:1   | 7300 ||| READING scroll labelled QYHOOF PYS ERU.
  7301 | Lair:1   | 7301 ||| READING scroll labelled VAD QI JITRIT.
  7302 | Lair:1   | 7302 ||| READING 5 scrolls of identify.
  7302 | Lair:1   | 7302 ||| IDENTIFYING metallic inky potion
  7413 | Lair:2   | 7413 ||| INVOKING Fiery Armour.
  7420 | Lair:2   | 7420 ||| Stepping ~*~*~tactically~*~*~ (outnumbered).
  7421 | Lair:2   | 7421 ||| Stepping ~*~*~tactically~*~*~ (outnumbered).
  7422 | Lair:2   | 7422 ||| Stepping ~*~*~tactically~*~*~ (outnumbered).
  7423 | Lair:2   | 7423 ||| Stepping ~*~*~tactically~*~*~ (outnumbered).
  7424 | Lair:2   | 7424 ||| Stepping ~*~*~tactically~*~*~ (outnumbered).
  7425 | Lair:2   | 7425 ||| Stepping ~*~*~tactically~*~*~ (outnumbered).
  7426 | Lair:2   | 7426 ||| Stepping ~*~*~tactically~*~*~ (outnumbered).
  7427 | Lair:2   | 7427 ||| Stepping ~*~*~tactically~*~*~ (outnumbered).
  7428 | Lair:2   | 7428 ||| Stepping ~*~*~tactically~*~*~ (outnumbered).
  7429 | Lair:2   | 7429 ||| Stepping ~*~*~tactically~*~*~ (outnumbered).
  7430 | Lair:2   | 7430 ||| Stepping ~*~*~tactically~*~*~ (outnumbered).
  7431 | Lair:2   | 7431 ||| Stepping ~*~*~tactically~*~*~ (outnumbered).
  7432 | Lair:2   | 7432 ||| Stepping ~*~*~tactically~*~*~ (outnumbered).
  7434 | Lair:2   | 7434 ||| FLEEEEING.
  7436 | Lair:2   | 7436 ||| FLEEEEING.
  7437 | Lair:2   | 7437 ||| FLEEEEING.
  7438 | Lair:2   | 7438 ||| FLEEEEING.
  7439 | Lair:2   | 7439 ||| FLEEEEING.
  7440 | Lair:2   | 7440 ||| FLEEEEING.
  7441 | Lair:2   | 7441 ||| FLEEEEING.
  7442 | Lair:2   | 7442 ||| FLEEEEING.
  7449 | Lair:2   | 7449 ||| STAIRDANCE
  7495 | Lair:2   | Noticed a death yak
  7507 | Lair:2   | Killed a death yak
  7508 | Lair:2   | Reached XP level 11. HP: 93/105 MP: 11/11
  7512 | Lair:2   | Noticed a death yak
  7517 | Lair:2   | Noticed a death yak
  7522 | Lair:2   | 7522 ||| INVOKING Fiery Armour.
  7526 | Lair:2   | Killed a death yak
  7537 | Lair:2   | Killed a death yak
  7643 | Lair:2   | Found a staircase to the Swamp.
  7643 | Lair:2   | Noticed a bog body
  7644 | Lair:2   | 7644 ||| PLANNING TEMPLE
  7644 | Lair:2   | Noticed a bog body
  7647 | Lair:2   | Killed a bog body
  7648 | Lair:2   | Reached skill level 16 in Unarmed Combat
  7649 | Lair:2   | Killed a bog body
  7651 | Lair:2   | 7651 ||| Stepping ~*~*~tactically~*~*~ (stealth).
  7660 | Lair:2   | 7660 ||| READING scroll labelled FUFIUN CUMOMP.
  7868 | Temple   | Entered the Ecumenical Temple
  8091 | Temple   | 8091 ||| PLANNING LAIR
  8182 | Lair:2   | Noticed Nergalle
  8191 | Lair:2   | Killed Nergalle
  8551 | Lair:2   | Identified the +5 battleaxe of Impermanence {elec, Will+}
  8955 | Lair:3   | 8955 ||| STAIRDANCE
  8957 | Lair:2   | 8957 ||| Stepping ~*~*~tactically~*~*~ (outnumbered).
  8958 | Lair:2   | 8958 ||| Stepping ~*~*~tactically~*~*~ (outnumbered).
  8959 | Lair:2   | 8959 ||| Stepping ~*~*~tactically~*~*~ (outnumbered).
  8960 | Lair:2   | 8960 ||| Stepping ~*~*~tactically~*~*~ (outnumbered).
  8961 | Lair:2   | 8961 ||| Stepping ~*~*~tactically~*~*~ (outnumbered).
  8962 | Lair:2   | 8962 ||| Stepping ~*~*~tactically~*~*~ (outnumbered).
  8963 | Lair:2   | 8963 ||| Stepping ~*~*~tactically~*~*~ (outnumbered).
  8965 | Lair:2   | 8965 ||| FLEEEEING.
  8966 | Lair:2   | 8966 ||| FLEEEEING.
  8967 | Lair:2   | 8967 ||| FLEEEEING.
  8968 | Lair:2   | 8968 ||| FLEEEEING.
  8969 | Lair:2   | 8969 ||| FLEEEEING.
  8970 | Lair:2   | 8970 ||| FLEEEEING.
  8971 | Lair:2   | 8971 ||| FLEEEEING.
  9014 | Lair:3   | 9014 ||| STAIRDANCE
  9016 | Lair:2   | 9016 ||| Stepping ~*~*~tactically~*~*~ (outnumbered).
  9080 | Lair:3   | 9080 ||| STAIRDANCE
  9093 | Lair:3   | Found a hole to the Spider Nest.
  9256 | Lair:3   | 9256 ||| Stepping ~*~*~tactically~*~*~ (outnumbered).
  9261 | Lair:3   | Reached skill level 17 in Unarmed Combat
  9264 | Lair:3   | HP: 21/109 [elephant (13)]
  9265 | Lair:3   | 9265 ||| READING scroll of teleportation.
  9265 | Lair:3   | HP: 4/109 [elephant (17)]
  9266 | Lair:3   | 9266 ||| DRINKING 2 potions of heal wounds.
  9267 | Lair:3   | 9267 ||| DRINKING potion of heal wounds.
  9362 | Lair:3   | 9362 ||| Stepping ~*~*~tactically~*~*~ (stealth).
  9379 | Lair:3   | 9379 ||| DRINKING potion of cancellation.
  9456 | Lair:3   | 9456 ||| Stepping ~*~*~tactically~*~*~ (stealth).
  9461 | Lair:3   | 9461 ||| Stepping ~*~*~tactically~*~*~ (stealth).
  9469 | Lair:3   | 9469 ||| Stepping ~*~*~tactically~*~*~ (stealth).
  9488 | Lair:3   | 9488 ||| Stepping ~*~*~tactically~*~*~ (stealth).
  9491 | Lair:3   | 9491 ||| Stepping ~*~*~tactically~*~*~ (stealth).
  9494 | Lair:3   | 9494 ||| Stepping ~*~*~tactically~*~*~ (outnumbered).
  9498 | Lair:3   | Reached XP level 12. HP: 116/118 MP: 12/12
  9753 | Lair:3   | 9753 ||| Stepping ~*~*~tactically~*~*~ (stealth).
  9759 | Lair:3   | 9759 ||| Stepping ~*~*~tactically~*~*~ (outnumbered).
  9763 | Lair:3   | 9763 ||| Stepping ~*~*~tactically~*~*~ (outnumbered).
  9784 | Lair:3   | 9784 ||| Stepping ~*~*~tactically~*~*~ (stealth).
  9788 | Lair:3   | 9788 ||| Stepping ~*~*~tactically~*~*~ (stealth).
  9821 | Lair:3   | 9821 ||| FLEEEEING.
  9875 | Lair:3   | 9875 ||| Stepping ~*~*~tactically~*~*~ (stealth).
  9876 | Lair:3   | 9876 ||| Stepping ~*~*~tactically~*~*~ (stealth).
  9923 | Lair:3   | Noticed a seven-headed hydra
  9930 | Lair:3   | HP: 26/115 [ten-headed hydra (10)]
  9930 | Lair:3   | HP: 11/115 [ten-headed hydra (7)]
  9930 | Lair:3   | HP: 3/115 [ten-headed hydra (8)]
  9930 | Lair:3   | HP: 1/115 [ten-headed hydra (2)]
  9930 | Lair:3   | Slain by a ten-headed hydra

Levels and vault maps discovered:
D:1:      eino_arrival_tree_alley, layout_basic, chequers_serial_rivers_micro_d
D:2:      minmay_alternating_diamond, layout_loops_ring,
          dilly_ecumenical_altar_fadedgnrine
D:3:      layout_loops_ring, mainiacjoe_overflow_large_starburst, serial_glass,
          glass_columns_a, glass_columns_c, glass_columns_a, serial_shops,
          nicolae_shop_bloodbath_and_beyond, uniq_natasha
D:4:      layout_gridville
D:5:      layout_gridville, minmay_misc_feat_diagonals, minivault_1,
          bh_walls_and_bars, uniq_prince_ribbit1
D:6:      layout_rooms, minmay_temple_entry_offerings, uniq_sigmund,
          uniq_menkaure
D:7:      layout_basic, enter_bailey_5
D:8:      layout_loops_ring, dpeg_oklobed_lair, serial_shops, kennysheep_mini,
          nicolae_wooded_promenade
Temple:   minmay_temple_bridge_d
Lair:1:   layout_cave_pods, uniq_amaemon
Lair:2:   layout_cave_pods, skrybe_swamp_entry_bodies, guppyfry_lair_drakes,
          infiniplex_staircase_pool_2, lemuel_fruit_fields, uniq_nergalle
Lair:3:   layout_regular_city, dummy_spider_entry, kennysheep_abandoned_house

Skill      XL: |  1  2  3  4  5  6  7  8  9 10 11 |
---------------+----------------------------------+-----
Unarmed Combat | 4 5 6 8 9 11 13 15 17 | 17.7
Fighting       | 3 4 5 6 7 |  7.2
Throwing       | 1 2 |  2.0
Dodging        | 1 2 |  2.0
Spellcasting   | |  1.0
Fire Magic     | |  2.1

Action                   |  1- 3 |  4- 6 |  7- 9 | 10-12 || total
-------------------------+-------+-------+-------+-------++-------
Melee: Unarmed           |   124 |    67 |   208 |   226 ||   625
       Punch             |     2 |     3 |     7 |    23 ||    35
Throw: Boomerang         |    19 |    15 |    48 |    79 ||   161
Invok: Fiery Armour      |       |     2 |     5 |     5 ||    12
  Use: Scroll            |     6 |     8 |     6 |     6 ||    26
       Potion            |     1 |     4 |     2 |     3 ||    10
Armor: Robe              |    43 |    25 |    61 |    54 ||   183
Dodge: Dodged            |    57 |    22 |   155 |    84 ||   318

Table legend:
 A = Non-vault XP
 B = Vault XP
 C = Vault XP percentage of total XP
 D = Non-vault monster count
 E = Vault monster count
 F = Vault count percentage of total count
                 A         B        C        D         E       F
            +---------+---------+-------+---------+---------+-------
      Total |   18574 |    5372 |  22.4 |     209 |      34 |  14.0
            +---------+---------+-------+---------+---------+-------
        D:1 |      44 |       0 |   0.0 |      27 |       0 |   0.0
        D:2 |      30 |       8 |  21.1 |      18 |       4 |  18.2
        D:3 |     145 |      35 |  19.4 |      14 |       1 |   6.7
        D:4 |     288 |       0 |   0.0 |      17 |       0 |   0.0
        D:5 |     562 |     277 |  33.0 |      14 |       1 |   6.7
        D:6 |    1400 |     415 |  22.9 |      25 |       2 |   7.4
        D:7 |    1080 |       7 |   0.6 |      22 |       4 |  15.4
        D:8 |    1146 |       0 |   0.0 |      22 |       0 |   0.0
     Lair:1 |    3258 |    1204 |  27.0 |      10 |       2 |  16.7
     Lair:2 |    4378 |    3004 |  40.7 |      14 |       7 |  33.3
     Lair:3 |    6243 |     422 |   6.3 |      26 |      13 |  33.3
            +---------+---------+-------+---------+---------+-------
